 Dungeon Crawl Stone Soup version 0.18-a0-1426-g3b9a63c (webtiles) character file.

3341 chei the Carver (level 10, 0/91 HPs)
             Began as a Naga Berserker on Feb 27, 2016.
             Was an Elder of Trog.
             Slain by Prince Ribbit (12 damage)
             ... on level 8 of the Dungeon.
             The game lasted 00:16:04 (9958 turns).

chei the Carver (Naga Berserker)                    Turns: 9958, Time: 00:16:04

Health: 0/91       AC: 10    Str: 20    XL:     10   Next: 2%
Magic:  10/10      EV:  9    Int:  9    God:    Trog [****..]
Gold:   332        SH: 14    Dex: 12    Spells: 0 memorised, 9 levels left

rFire  . . .     SeeInvis +     h - +4 falchion (protect)
rCold  + . .     Gourm    .     l - +0 robe {MR+}
rNeg   . . .     Faith    .     r - +0 large shield
rPois  +         Spirit   .     (no helmet)
rElec  .         Dismiss  .     (no cloak)
rCorr  +         Reflect  .     s - +0 pair of gloves
SustAt .         Harm     .     (no barding)
MR     ++++.                    (no amulet)
Stlth  +.........               (no ring)
                                C - ring of Moderation {rCorr rC+}

@: exhausted, regenerating, slowed, very slow, incredibly resistant to hostile
enchantments, very unstealthy
A: see invisible, deformed body, poison resistance, slowness 2, slow metabolism
1, spit poison 2, AC +3
a: Spit Poison, Berserk, Trog's Hand, Brothers in Arms, Burn Spellbooks,
Renounce Religion


You were on level 8 of the Dungeon.
You worshipped Trog.
Trog was greatly pleased with you.
You were not hungry.

You visited 2 branches of the dungeon, and saw 9 of its levels.
You also visited: Ossuary.

You collected 332 gold pieces.

Inventory:

Hand Weapons
 h - a +4 falchion of protection (weapon)
 v - a +0 rapier of flaming
Armour
 l - a +0 robe of magic resistance (worn)
 r - a +0 large shield (worn)
 s - a +0 pair of gloves (worn)
 B - a +0 plate armour
Jewellery
 C - the ring of Moderation (left hand) {rCorr rC+}
   (You found it on level 7 of the Dungeon)

   [ring of resist corrosion]

   It protects you from cold.
Wands
 t - a wand of teleportation (4/9)
 D - a wand of paralysis (17/24)
Scrolls
 a - 2 scrolls of magic mapping {unknown}
 e - 3 scrolls of teleportation
 f - 2 scrolls of amnesia
 k - 2 scrolls of recharging
 y - a scroll of blinking {unknown}
 z - a scroll of silence {unknown}
 E - a scroll of remove curse
Potions
 c - 5 potions of resistance
 d - a potion of berserk rage {unknown}
 i - a potion of invisibility {unknown}
 j - a potion of curing {unknown}
 m - a potion of agility
 o - 2 potions of degeneration
 p - a potion of cure mutation {unknown}
 q - 3 potions of flight
 u - 3 potions of brilliance {unknown}
 w - 4 potions of haste {unknown}
 A - a potion of magic {unknown}
Comestibles
 b - 3 slices of pizza
 g - 2 beef jerkies
 n - 5 bread rations
 x - a meat ration


   Skills:
 + Level 6.0 Fighting
 * Level 8.2 Long Blades
 + Level 2.9 Armour
 + Level 6.4 Dodging
 + Level 5.1 Shields


You had 9 spell levels left.
You didn't know any spells.

Dungeon Overview and Level Annotations

Branches:
Dungeon (8/15)             Temple (1/1) D:4
   Lair: D:8-11

Altars:
Ashenzari
Dithmenos
Elyvilon
Fedhas
Kikubaaqudgha
Makhleb
Nemelex Xobeh
Okawaru
Pakellas
Qazlal
Ru
Sif Muna
Trog
Vehumet
Xom
Yredelemnul
Zin
The Shining One

Annotations:
D:8 Prince Ribbit


Innate Abilities, Weirdness & Mutations

You cannot wear boots.
Your serpentine skin is tough (AC +3).
You have supernaturally acute eyesight.
Armour fits poorly on your strangely shaped body.
Your system is resistant to poisons.
You cover ground very slowly.
You have a slow metabolism.
You can spit poison.


Message History

Prince Ribbit lets out a mournful croak.
You block Prince Ribbit's attack. x2
You slash Prince Ribbit!
Prince Ribbit is heavily wounded.
You block Prince Ribbit's attack. x2; Prince Ribbit hits you!
You hit Prince Ribbit.
Prince Ribbit is heavily wounded.
Prince Ribbit hits you but does no damage.
You block Prince Ribbit's attack.
Your skin crawls.
You feel resistant to hostile enchantments.
You feel slightly more hungry. You block Prince Ribbit's attack.
Prince Ribbit hits you!
* * * LOW HITPOINT WARNING * * *
You're too exhausted to go berserk.
Eat which item? (? for menu, Esc to quit)
Prince Ribbit hits you!
* * * LOW HITPOINT WARNING * * *
Prince Ribbit hits you!
You die...

....)......#.# #####.#####
...####....#.# #.# ...
##.##...# #.# .. ....##..##
#.# . #.#.......### #.# O
.............# ##.######
..............## #.......#
#.)...>.........# #.......#
#.............F@# #.......#
..............# #.......#
....#.......#..####.......#
...##....[.##....#.......##
#.......####.#...<....##
#.......)......#.#.....#
#..####...[<............
#.. #.....)..#........
####..[....#........


You could see Prince Ribbit.

Vanquished Creatures
  4 orc warriors
  An ice beast (D:5)
  A wasp (D:8)
  2 black bears
  2 ogres
  4 centaurs
  2 elf zombies
  2 elf skeletons (D:5)
  A giant frog (D:7)
  2 scorpions
  A howler monkey (D:6)
  4 crimson imps
  A quasit (D:7)
  2 centaur zombies
  4 hounds
  2 centaur skeletons (D:7)
  A jelly (D:8)
  6 orc priests
  4 human skeletons (D:5)
  Terence (D:2)
  6 orc wizards
  12 worker ants
  An iguana (D:5)
  3 big kobold zombies (Ossuary)
  A hound zombie (D:7)
  2 mummies (Ossuary)
  2 hound skeletons
  A worker ant zombie (D:7)
  10 adders
  2 shadow imps
  2 oozes
  3 adder zombies
  3 adder skeletons
  4 worms
  3 dart slugs
  4 giant geckos
  22 orcs
  6 giant cockroaches
  12 goblins
  8 hobgoblins
  6 quokkas
  4 ball pythons
  A ball python skeleton (D:4)
  9 bats
  A giant gecko skeleton (D:6)
  12 giant newts
  8 hobgoblin zombies (Ossuary)
  A jackal zombie (Ossuary)
  7 kobolds
  12 kobold zombies (Ossuary)
  4 orc skeletons (D:5)
  7 orc zombies (Ossuary)
  10 rats
  2 rat zombies (Ossuary)
238 creatures vanquished.

Notes
Turn   | Place    | Note
--------------------------------------------------------------
     0 | D:1      | chei the Naga Berserker began the quest for the Orb.
     0 | D:1      | Reached XP level 1. HP: 21/21 MP: 1/1
   358 | D:1      | Reached XP level 2. HP: 2/28 MP: 2/2
   659 | D:1      | HP: 1/28 [rat (1)]
  1173 | D:1      | Reached ** piety under Trog
  1173 | D:1      | Reached XP level 3. HP: 32/34 MP: 3/3
  1575 | D:2      | Found a blossoming altar of Fedhas.
  1893 | D:2      | Noticed Terence
  1906 | D:2      | Killed Terence
  1906 | D:2      | Reached skill level 4 in Long Blades
  1906 | D:2      | Reached XP level 4. HP: 36/44 MP: 4/4
  2511 | D:3      | Reached XP level 5. HP: 50/50 MP: 5/5
  2512 | D:3      | Reached *** piety under Trog
  3452 | D:4      | Found a staircase to the Ecumenical Temple.
  3475 | Temple   | Entered the Ecumenical Temple
  3868 | D:4      | Reached XP level 6. HP: 57/57 MP: 6/6
  4015 | D:4      | Reached skill level 1 in Shields
  4852 | D:5      | Entered Level 5 of the Dungeon
  4902 | D:5      | Reached skill level 5 in Long Blades
  5159 | D:5      | Reached XP level 7. HP: 64/64 MP: 7/7
  5180 | D:5      | Found a sand-covered staircase.
  5238 | Ossuary  | Entered an ossuary
  5868 | D:5      | Reached XP level 8. HP: 60/73 MP: 8/8
  5953 | D:5      | Reached skill level 6 in Long Blades
  6856 | D:6      | Reached skill level 5 in Fighting
  6900 | D:6      | Found a shattered altar of Ashenzari.
  7226 | D:6      | Reached **** piety under Trog
  8086 | D:7      | Reached skill level 7 in Long Blades
  8086 | D:7      | Reached skill level 5 in Dodging
  8086 | D:7      | Reached XP level 9. HP: 42/81 MP: 9/9
  9227 | D:7      | Got a faintly glowing golden ring
  9256 | D:7      | Identified the ring of Moderation {rCorr rC+} (You found it on level 7 of the Dungeon)
  9774 | D:8      | Reached skill level 8 in Long Blades
  9820 | D:8      | Found a burning altar of Makhleb.
  9923 | D:8      | Reached skill level 5 in Shields
  9932 | D:8      | Reached XP level 10. HP: 71/91 MP: 10/10
  9952 | D:8      | Noticed Prince Ribbit
  9958 | D:8      | Slain by Prince Ribbit

Vault maps used:
D:1:      dpeg_arrival_simpleton_a
D:2:      fedhas_altar_2, uniq_terence
D:4:      temple_pool_b, first_bread, nrook_uturn, minmay_misc_feat_pillars,
          st_stairs_3, minmay_misc_feat_roman
D:5:      nicolae_ossuary_entry_catacombs
D:6:      cheibrodos_ashenzari_chains
D:8:      nicolae_gozag_zags_fifth_avenue, nicolae_overflow_hidden_temple,
          lemuel_doored_altar, uniq_prince_ribbit1
Temple:   nicolae_temple_elliptical
Ossuary:  ossuary_tomb_1

Skill      XL: |  1  2  3  4  5  6  7  8  9 |
---------------+----------------------------+-----
Dodging        | 2 3 5 6 |  6.4
Long Blades    | 4 5 7 8 |  8.2
Armour         | 2 |  2.9
Fighting       | 4 5 6 |  6.0
Shields        | 1 2 3 5 |  5.1

Action                   |  1- 3 |  4- 6 |  7- 9 | 10-12 || total
-------------------------+-------+-------+-------+-------++-------
Melee: Falchion          |   127 |   330 |   561 |     6 ||  1024
Invok: Berserk           |     2 |     6 |    13 |       ||    21
       Trog's Hand       |       |       |     1 |     1 ||     2
  Use: Scroll            |       |     7 |     2 |       ||     9
       Potion            |       |       |     1 |       ||     1
  Eat: Chunk             |     2 |    11 |    14 |       ||    27
       Bread ration      |       |     1 |     1 |     1 ||     3
       Meat ration       |       |       |     1 |       ||     1
       Royal jelly       |       |       |     1 |       ||     1
       Pizza             |       |       |     1 |       ||     1
